 Dungeon Crawl Stone Soup version 0.18-a0-1788-g92de1ac (webtiles) character file.

14 macross the Sneak (level 2, -2/15 HPs)
             Began as a Spriggan Assassin on Apr 21, 2016.
             Was an Initiate of Vehumet.
             Slain by a gnoll (6 damage)
             ... on level 3 of the Dungeon.
             The game lasted 00:02:44 (522 turns).

macross the Sneak (Spriggan Assassin)                Turns: 522, Time: 00:02:44

Health: -2/15      AC:  3    Str:  7    XL:     2   Next: 27%
Magic:  3/3        EV: 17    Int: 12    God:    Vehumet [......]
Gold:   0          SH:  0    Dex: 17    Spells: 0 memorised, 1 level left

rFire  . . .     SeeInvis +     a - +2 dagger
rCold  . . .     Gourm    .     c - +0 robe
rNeg   . . .     Faith    .     (shield restricted)
rPois  .         Spirit   .     (helmet restricted)
rElec  .         Dismiss  .     d - +0 cloak
rCorr  .         Reflect  .     (gloves unavailable)
SustAt .         Harm     .     (boots unavailable)
MR     .....                    (no amulet)
Stlth  ++++......               (no ring)
                                (no ring)

@: slowed, quick, not resistant to hostile enchantments, stealthy
A: unfitting armour, see invisible, herbivore 3, speed 3, slow metabolism 2
a: Renounce Religion


You were on level 3 of the Dungeon.
You worshipped Vehumet.
Vehumet was noncommittal.
You were not hungry.

You visited 1 branch of the dungeon, and saw 3 of its levels.

Inventory:

Hand Weapons
 a - a +2 dagger (weapon)
 b - a +0 blowgun
Missiles
 e - 6 poisoned needles (quivered)
 f - 2 curare-tipped needles
Armour
 c - a +0 robe (worn)
 d - a +0 cloak (worn)
Scrolls
 i - 3 scrolls of identify {unknown}
Potions
 h - a potion of berserk rage {unknown}
 j - a potion of might {unknown}
 k - a potion of curing {unknown}
Comestibles
 g - 2 bread rations
 l - a meat ration


   Skills:
 * Level 1.9 Fighting
 + Level 2.2 Short Blades
 + Level 2.0 Throwing
 + Level 1.5 Dodging
 + Level 6.4 Stealth


You had one spell level left.
You didn't know any spells.

Dungeon Overview and Level Annotations

Branches:
Dungeon (3/15)

Altars:
Cheibriados
Ru
Vehumet


Innate Abilities, Weirdness & Mutations

You are tiny and cannot use many weapons and most armour.
You have supernaturally acute eyesight.
You are a herbivore.
You cover ground extremely quickly.
You need consume almost no food.


Message History

The gnoll hits you.
You hit the gnoll.
The gnoll is moderately wounded.
The gnoll hits you.
You hit the gnoll but do no damage.
The gnoll is moderately wounded.
The gnoll hits you. x2
* * * LOW HITPOINT WARNING * * *
You closely miss the gnoll.
The gnoll is moderately wounded.
The gnoll closely misses you.
You hit the gnoll.
The gnoll is heavily wounded.
The gnoll hits you but does no damage.
The gnoll zaps a wand.
You resist with some effort.
The gnoll zaps a wand.
You resist with some effort. The gnoll misses you.
The gnoll zaps a wand.
You resist with some effort. The gnoll hits you.
You die...

.......................####
.. .....<................##
.# .......##............###
#. .........................
.. .....>##................#
.. .....................####
....#..##...............
....#........##g..##.###
....##......####@#...#
.####.......# #.#.###
......#.#.>## #†#.#
.....(..#..#####.#.# ...
.####........##..#.###.. ...
.# #(##...............#. .g
.# #.###.##............. ..
.# #.###................###.
.####.##..#..............#..


You could see a gnoll.

Vanquished Creatures
  2 giant geckos (D:3)
  A goblin (D:3)
  2 hobgoblins (D:3)
  3 bats (D:3)
  A giant newt (D:3)
  3 rats
12 creatures vanquished.

Notes
Turn   | Place    | Note
--------------------------------------------------------------
     0 | D:1      | macross the Spriggan Assassin began the quest for the Orb.
     0 | D:1      | Reached XP level 1. HP: 10/10 MP: 2/2
    58 | D:3      | Found a sacrificial altar of Ru.
    67 | D:3      | Reached skill level 6 in Stealth
   252 | D:3      | Found a radiant altar of Vehumet.
   264 | D:3      | Reached XP level 2. HP: 15/15 MP: 3/3
   328 | D:3      | Became a worshipper of Vehumet
   468 | D:3      | Found a snail-covered altar of Cheibriados.
   522 | D:3      | Slain by a gnoll

Vault maps used:
D:1:      dpeg_arrival_rooms_a
D:2:      first_bread, lexackson_kobold_supper
D:3:      lemuel_doored_altar, cheibriados_altar_wand_db,
          nicolae_ru_sacrificial_ziggurat, overflow_temple_1_default,
          patterned_corridor

Skill      XL: |  1 |
---------------+----+-----
Stealth        | 6 |  6.4
Fighting       | |  1.9
Short Blades   | |  2.2
Throwing       | |  2.0
Dodging        | |  1.5

Action                   || total
-------------------------++-------
Melee: Dagger            ||    42
 Stab: Sleeping          ||     5
Armor: Robe              ||     7
Dodge: Dodged            ||    32
